 Dungeon Crawl Stone Soup version 0.22.1-2-g9c5b331 (webtiles) character file.

67 captivecurve the Conjurer (level 4, -1/30 HPs)
             Began as a Human Conjurer on Nov 12, 2018.
             Hit by a stone thrown by a goblin (3 damage)
             ... on level 2 of the Dungeon.
             The game lasted 00:10:16 (2576 turns).

captivecurve the Conjurer (Human Conjurer)          Turns: 2576, Time: 00:10:17

Health: -1/30      AC:  2    Str:  8    XL:     4   Next: 38%
Magic:  3/7        EV: 12    Int: 17    God:
Gold:   105        SH:  0    Dex: 13    Spells: 6/7 levels left

rFire    . . .     SeeInvis .   (no weapon)
rCold    . . .     Gourm    .   (no shield)
rNeg     . . .     Faith    .   a - +0 robe
rPois    .         Spirit   .   (no helmet)
rElec    .         Reflect  .   (no cloak)
rCorr    .         Harm     .   (no gloves)
MR       .....                  (no boots)
Stlth    ++........             (no amulet)
HPRegen  0.10/turn              (no ring)
MPRegen  0.10/turn              (no ring)

@: no status effects
A: no striking features
a: no special abilities


You were on level 2 of the Dungeon.
You were not hungry.

You visited 1 branch of the dungeon, and saw 2 of its levels.

You collected 105 gold pieces.

Inventory:

Armour
 a - a +0 robe (worn)
Jewellery
 b - an uncursed amulet of rage
 e - an uncursed ring of protection from magic {unknown}
 h - an uncursed ring of protection from cold {unknown}
Potions
 d - a potion of curing {unknown}
 f - a potion of experience {unknown}
 g - a potion of cancellation {unknown}
Comestibles
 c - 2 rations


   Skills:
 + Level 0.2 Fighting
 + Level 2.1 Dodging
 + Level 2.3 Stealth
 + Level 0.3 Unarmed Combat
 + Level 2.4 Spellcasting
 + Level 5.0 Conjurations


You had 6 spell levels left.
You knew the following spells:

 Your Spells              Type           Power        Failure   Level  Hunger
a - Magic Dart            Conj           ###.         2%          1    #......

Your spell library contained the following spells:

 Spells                   Type           Power        Failure   Level  Hunger
 Searing Ray              Conj           ###...       3%          2    ##.....
 Dazzling Spray           Conj/Hex       ##....       21%         3    ###....
 Iskenderun's Mystic Bla  Conj           ###.....     24%         4    #####..
 Force Lance              Conj/Tloc      ##......     54%         4    #####..
 Fulminant Prism          Conj/Hex       ##........   54%         4    #####..


Dungeon Overview and Level Annotations

Branches:
Dungeon (2/15)

Altars:


Message History

The worm closely misses you. The goblin misses you.
The goblin completely misses you. The worm barely misses you.
The goblin zaps a wand.
The worm closely misses you. The goblin misses you.
The goblin zaps a wand.
The worm bites you.
The goblin zaps a wand.
The goblin hits you but does no damage. The worm misses you.
You stop sporulating.
Your +0 robe unmelds from your body.
The goblin hits you but does no damage. The worm bites you!
* * * LOW HITPOINT WARNING * * *
The goblin zaps a wand.
You resist with some effort.
The goblin throws a stone.
The stone hits you but does no damage.
You see here 3 stones.
The goblin zaps a wand.
You resist with some effort.
The goblin throws a stone.
The stone barely misses you.
You see here 3 stones.
The goblin throws a stone.
The stone hits you.
You die...

........# ###.##### #.#
#.############################
#.....................†......#
############################.#
.......###### #.#
######...g..## #.#
.........((.@# #.#
######....w.(# #.#
##########.......# #.#
.................# #.#
...........###.#.# #.#
...........# #...# #.#
...........####..# #.#
.................# #.#
...)......#####..####### #.#


You could see a worm and a goblin.

Vanquished Creatures
  3 adders (D:2)
  A worm (D:2)
  2 dart slugs
  A leopard gecko (D:2)
  7 bats
  3 goblins (D:2)
  5 hobgoblins
  7 kobolds
  A ball python (D:2)
  4 rats
34 creatures vanquished.

Notes
Turn   | Place    | Note
-------+----------+-------------------------------------------
     0 | D:1      | captivecurve the Human Conjurer began the quest for the
                  | Orb.
     0 | D:1      | Reached XP level 1. HP: 13/13 MP: 3/3
   193 | D:1      | Reached XP level 2. HP: 19/19 MP: 0/5
  1315 | D:2      | Reached XP level 3. HP: 5/24 MP: 0/6
  2171 | D:2      | Reached XP level 4. HP: 30/30 MP: 0/7
  2533 | D:2      | Reached skill level 5 in Conjurations
  2576 | D:2      | Hit by a stone thrown by a goblin

Skill      XL: |  1  2  3  4 |
---------------+-------------+-----
Conjurations   | 5 |  5.0
Fighting       | |  0.2
Dodging        | |  2.1
Stealth        | |  2.3
Unarmed Combat | |  0.3
Spellcasting   | |  2.4

Action                   |  1- 3 |  4- 6 || total
-------------------------+-------+-------++-------
Melee: Unarmed           |    30 |     7 ||    37
 Cast: Magic Dart        |    55 |    24 ||    79
  Use: Scroll            |     4 |       ||     4
 Stab: Sleeping          |     1 |       ||     1
  Eat: Ration            |     2 |       ||     2
Armor: Robe              |     7 |     3 ||    10
       Skin              |       |     2 ||     2
Dodge: Dodged            |    25 |    28 ||    53
